 Dungeon Crawl Stone Soup version 0.28.0-53-g5a82cb258f (webtiles) character file.

Game seed: 17335397921985760868

130 SanguineChosen the Covered (level 5, -7/33 HPs)
             Began as a Gargoyle Fighter on July 5, 2022.
             Mangled by a gnoll
             ... wielding a +0 halberd
              (10 damage)
             ... on level 3 of the Dungeon.
             The game lasted 00:06:56 (2389 turns).

SanguineChosen the Covered (Gargoyle Fighter)       Turns: 2389, Time: 00:06:56

Health: -7/33      AC: 11    Str: 21    XL:     5   Next: 13%
Magic:  1/1        EV:  9    Int:  9    God:
Gold:   111        SH:  4    Dex:  9    Spells: 4/4 levels left

rFire   + . .      SeeInvis .   e - +2 hand axe (antimagic)
rCold   + . .      Faith    .   c - +0 buckler
rNeg    + + .      Spirit   .   b - +0 scale mail
rPois   ∞          Reflect  .   (no helmet)
rElec   +          Harm     .   (no cloak)
rCorr   +          Rampage  .   (no gloves)
Will    .....                   (no boots)
Stlth   ..........              (no amulet)
HPRegen 0.11/turn               o - ring of flight
MPRegen 0.07/turn               p - ring of positive energy

@: resistant, flying, studying Bows
A: sickness immunity, AC +4, negative energy resistance 1, electricity
resistance, torment resistance 1, petrification resistance
a: no special abilities


You were on level 3 of the Dungeon.
You visited 1 branch of the dungeon, and saw 4 of its levels.

You collected 111 gold pieces.

Inventory:

Hand Weapons
 a - a +0 flail
 e - a +2 antimagic hand axe (weapon)
Missiles
 q - 6 poisoned darts (quivered)
Armour
 b - a +0 scale mail (worn)
 c - a +0 buckler (worn)
Jewellery
 o - a ring of flight (left hand)
 p - a ring of positive energy (right hand)
Scrolls
 f - 3 scrolls of identify {unknown}
 i - a scroll of fog {unknown}
 k - 2 scrolls of enchant armour {unknown}
 r - a scroll of fear {unknown}
Potions
 d - a potion of might
 g - a potion of flight {unknown}
 l - a potion of heal wounds {unknown}
 m - a potion of mutation {unknown}
 n - a potion of brilliance {unknown}


   Skills:
 + Level 3.8 Fighting
 + Level 1.6(2.2) Axes
 + Level 2.2(2.6) Maces & Flails
 + Level 4.4 Armour
 + Level 1.1 Dodging
 + Level 0.3 Stealth
 + Level 3.7 Shields


You had 4 spell levels left.
You didn't know any spells.
Your spell library contained the following spells:

 Spells                   Type           Power      Damage    Failure   Level
 Tukima's Dance           Hex            0%         N/A       99%         3
 Passage of Golubria      Tloc           0%         N/A       100%        4
 Petrify                  Tmut/Erth      0%         N/A       100%        4
 Metabolic Englaciation   Hex/Ice        0%         N/A       100%        5
 Yara's Violent Unravell  Hex/Tmut       0%         3d3       100%        5
 Statue Form              Tmut/Erth      Unusable   N/A       N/A         6

Dungeon Overview and Level Annotations

Branches:
Dungeon (4/15)
 Temple: D:4-7

Altars:


Innate Abilities, Weirdness & Mutations

You are immune to sickness and miasma.
Your stone body is resilient. (AC +4)
You are immune to poison.
You resist negative energy. (rN+)
You are resistant to electric shocks. (rElec)
You are resistant to unholy torment.
You are immune to petrification.


Message History

The gnoll is severely wounded.
You block the gnoll's attack. The gnoll hits you with a +0 halberd!
* * * LOW HITPOINT WARNING * * *
The gnoll closely misses you.
It was a potion of curing.
You feel better. The gnoll barely misses you. You block the gnoll's attack.
The gnoll barely misses you.
You barely miss the gnoll.
The gnoll is severely wounded.
The gnoll completely misses you. The gnoll closely misses you.
You closely miss the gnoll.
The gnoll is severely wounded.
The gnoll closely misses you. x2
You hit the gnoll.
The gnoll is severely wounded.
The gnoll closely misses you. The gnoll hits you with a +0 halberd.
The gnoll completely misses you.
You barely miss the gnoll.
The gnoll is severely wounded.
The gnoll barely misses you. x2; The gnoll hits you with a +0 halberd!
* * * LOW HITPOINT WARNING * * *
The gnoll hits you but does no damage.
The endoplasm quivers.
The gnoll closely misses you.
A gnoll comes into view. It is wielding a +0 club.
The gnoll closely misses you. The gnoll hits you but does no damage.
You hit the endoplasm.
The endoplasm is moderately wounded.
You hit the gnoll.
You kill the gnoll!
The endoplasm freezes you.
You are frozen.
* * * LOW HITPOINT WARNING * * *
The gnoll hits you but does no damage.
It was a potion of resistance.
You feel protected.
The gnoll shouts!
You hear a shout!
The endoplasm hits you but does no damage.
The gnoll hits you from afar with a +0 halberd!
You die...

#.# #.# #.# #.# ##.##
#.###...#####
#............#
#..###...###)######.##
# ##).g.@J.........
######.....g..#
####.###.# .# .# .# .#
.# .#


You could see 2 gnolls and an endoplasm.

Vanquished Creatures
  Natasha (thrice) (D:2)
  A gnoll (D:3)
  An adder (D:2)
  7 bats
  3 endoplasms
  3 giant cockroaches
  3 goblins
  3 hobgoblins
  4 ball pythons
  3 frilled lizards
  4 kobolds
  3 rats (D:1)
38 creatures vanquished.

Notes
Turn   | Place    | Note
-------+----------+-------------------------------------------
     0 | D:1      | SanguineChosen the Gargoyle Fighter began the quest for the
                  | Orb.
     0 | D:1      | Reached XP level 1. HP: 14/14 MP: 1/1
   205 | D:1      | Reached XP level 2. HP: 16/19 MP: 0/2
  1178 | D:2      | Noticed Natasha
  1184 | D:2      | Killed Natasha
  1185 | D:2      | Reached XP level 3. HP: 16/23 MP: 1/3
  1379 | D:2      | You fall into a shaft and drop 2 floors!
  1379 | D:4      | Noticed a phantom
  1393 | D:3      | Reached skill level 4 in Armour
  1432 | D:2      | Noticed Natasha
  1443 | D:2      | Killed Natasha
  1444 | D:2      | Reached skill level 1 in Axes
  1444 | D:2      | Reached XP level 4. HP: 27/29 MP: 1/4
  1687 | D:2      | Noticed Natasha
  1693 | D:2      | Killed Natasha
  1804 | D:2      | Found a faded altar of an unknown god.
  2012 | D:2      | Reached skill level 1 in Dodging
  2012 | D:2      | Reached XP level 5. HP: 28/33 MP: 1/5
  2389 | D:3      | Mangled by a gnoll

Illustrated notes

Levels and vault maps discovered:
D:1:      psy_arrival_terrarium, layout_loops_ring
D:2:      layout_basic, ebering_ecumenical_altar_box, uniq_natasha
D:3:      layout_loops_ring, nicolae_uskayaw_en_pointe
D:4:      layout_cave_pools, elyvilon_altar_3, uniq_sigmund

Skill      XL: |  1  2  3  4 |
---------------+-------------+-----
Armour         | 4 |  4.4
Axes           | 1 |  1.6
Dodging        | 1 |  1.1
Fighting       | |  3.8
Maces & Flails | |  2.2
Stealth        | |  0.3
Shields        | |  3.7

Action                   |  1- 3 |  4- 6 || total
-------------------------+-------+-------++-------
Melee: Hand axe          |    64 |    44 ||   108
       Flail             |    11 |       ||    11
  Use: Potion            |       |     2 ||     2
Armor: Scale mail        |    45 |    26 ||    71
Dodge: Dodged            |    39 |    37 ||    76
Block: Buckler           |    16 |    14 ||    30
